 Dungeon Crawl Stone Soup version 0.30.1-9-gdf580d7c3d (webtiles) character file.

Game seed: 17769289152730727548

1214 belse the Trooper (level 8, -8/73 HPs)
             Began as a Minotaur Berserker on Oct 9, 2023.
             Was a Priest of Trog.
             Mangled by a gnoll sergeant
             ... wielding a +3 trident of freezing
              (15 damage)
             ... on level 6 of the Dungeon.
             The game lasted 00:37:10 (3716 turns).

belse the Trooper (Minotaur Berserker)              Turns: 3716, Time: 00:37:14

Health: -8/73      AC:  0    Str: 24    XL:     8   Next: 22%
Magic:  16/16      EV: 13    Int:  4    God:    Trog [***...]
Gold:   263        SH:  0    Dex: 16    Spells: 7/7 levels left

rFire   . . .        T - +1 war axe (venom)
rCold   . . .        (no shield)
rNeg    . . .        (no body armour)
rPois   .            (helmet restricted)
rElec   .            (no cloak)
rCorr   .            (no gloves)
SInv    .            (no boots)
Will    .....        (no amulet)
Stlth   ++           f - ring of magical power
HPRegen 0.32/turn    a - +6 ring of dexterity
MPRegen 0.15/turn

%: no passive effects
@: no status effects
A: horns 2, retaliatory headbutt
a: Renounce Religion, Berserk, Trog's Hand


You were on level 6 of the Dungeon.
You worshipped Trog.
Trog was most pleased with you.
You visited 1 branch of the dungeon, and saw 6 of its levels.

You collected 263 gold pieces.

Inventory:

Hand Weapons
 h - a +0 spear
 T - a +1 war axe of venom (weapon)
Missiles
 m - 3 boomerangs
 p - 4 atropa-tipped darts
 q - 2 poisoned darts (quivered)
 r - 28 stones
 L - 2 boomerangs of dispersal
Armour
 b - a +0 animal skin
 c - a +1 plate armour
 g - a +0 helmet
 i - a +0 pair of gloves
 j - a +0 robe
 l - a +0 ring mail
 s - a +0 plate armour
 w - a +0 chain mail
 A - a +0 leather armour
 B - a +0 ring mail
 E - a +0 leather armour
 H - a +0 ring mail
 I - a +0 robe
 J - a +0 robe
 M - a +0 scale mail
 N - a +0 ring mail
 P - a +0 leather armour
 R - a +0 robe
 S - a +0 ring mail
 Y - the +0 leather armour of the Ladybird {rN+++ Dex-5 Slay-6 SInv}
   (You found it on level 4 of the Dungeon)

   Dex:       It affects your dexterity (-5).
   Slay:      It affects your accuracy & damage with ranged weapons and melee
   (-6).
   rN:        It renders you almost immune to negative energy.
   SInv:      It lets you see invisible.
 Z - a +0 ring mail
Jewellery
 a - a +6 ring of dexterity (right hand)
 f - a ring of magical power (left hand)
Wands
 X - a wand of roots (5)
Scrolls
 d - a scroll of enchant armour
 e - 2 scrolls of poison
 k - 4 scrolls of identify
 u - 2 scrolls of teleportation
 V - a scroll of noise


   Skills:
 + Level 7.0 Fighting
 + Level 5.8(7.3) Axes
 + Level 6.9(7.9) Maces & Flails
 + Level 5.6 Armour
 + Level 2.8 Dodging
 + Level 0.4 Stealth


You had 7 spell levels left.
You didn't know any spells.
Your spell library contained the following spells:

 Spells                   Type           Power      Damage    Failure   Level
 Kiss of Death            Conj/Necr      0%         2d5       50%         1
 Confusing Touch          Hex            0%         N/A       86%         3
 Dazzling Flash           Conj/Hex       0%         N/A       86%         3
 Inner Flame              Hex/Fire       0%         N/A       86%         3
 Vhi's Electric Charge    Tloc/Air       0%         N/A       86%         3
 Volatile Blastmotes      Fire/Tloc      0%         2d10      86%         3
 Dispel Undead            Necr           0%         3d6       99%         4
 Iskenderun's Mystic Bla  Conj/Tloc      0%         2d3       99%         4
 Arcjolt                  Conj/Air       0%         1d10      100%        5
 Yara's Violent Unravell  Hex/Tmut       0%         3d3       100%        5
 Plasma Beam              Fire/Air       0%         2x1d11    100%        6
 Starburst                Conj/Fire      0%         6d3       100%        6
 Enfeeble                 Hex            0%         N/A       100%        7


Dungeon Overview and Level Annotations

Branches:
Dungeon (6/15)
 Temple: D:4-7

Altars:
Makhleb


Innate Abilities, Weirdness & Mutations

You have a pair of horns on your head.
You reflexively headbutt those who attack you in melee.


Message History

The ice beast is heavily wounded.
A sky beast appears from thin air!
Reactivating autopickup.
The ice beast closely misses you.
You slash the ice beast!
You kill the ice beast!
Trog accepts your kill.
You slash the sky beast!
The sky beast looks as sick as possible!
The sky beast is moderately wounded.
The sky beast hits you.
* * * LOW HITPOINT WARNING * * *
The sky beast shocks you.
* * * LOW HITPOINT WARNING * * *
You aren't carrying any potions.
Blink to where?
Press: ? - help, Dir - move target
As you read the scroll of blinking, it crumbles to dust.
Unknown command.
You start resting.
A sky beast is nearby!
The sky beast flickers out of sight!
Deactivating autopickup; reactivate with Ctrl-A.
A gnoll sergeant is nearby!
A gnoll sergeant is nearby!
Trog accepts your kill.
Reactivating autopickup.
You feel a bit more experienced.
Your Fighting skill increases to level 7!
There is an open door here.
You start resting.
A gnoll sergeant is nearby!
The gnoll sergeant blocks your attack.
You headbutt the gnoll sergeant, but do no damage.
The gnoll sergeant hits you with a +3 trident of freezing!
* * * LOW HITPOINT WARNING * * *
The gnoll sergeant freezes you.
* * * LOW HITPOINT WARNING * * *
The gnoll sergeant hits you with a +3 trident of freezing!
You die...

#...............+
#...............##+###
#...>................#
#................>...#
#....................#
######...............#
#...............#
#...............#
#.......@.......#
#.....###g##.....
#.....#.†..#.....
#######g...# .
#..........#
#..........+
#....####### #....#
... #....#.....


You could see a gnoll sergeant.

Vanquished Creatures
  A steam dragon (D:6)
  A sky beast (D:6)
  An ice beast (D:6)
  2 phantoms (D:5)
  A bullfrog (D:6)
  2 scorpions
  4 orc priests
  3 jellies
  A gnoll bouda (D:5)
  A hound (D:6)
  Ijyb (D:4)
  2 iguanas
  An orc wizard (D:2)
  3 gnolls (D:5)
  6 adders
  A white imp (D:5)
  An ufetubus (D:5)
  A worm (D:5)
  2 dart slugs
  23 orcs
  6 bats (D:1)
  5 endoplasms
  6 giant cockroaches
  3 goblins
  3 hobgoblins (D:1)
  4 jackals (D:3)
  2 kobolds
  4 quokkas
  7 ball pythons
  A frilled lizard (D:1)
99 creatures vanquished.

Notes
Turn   | Place    | Note
-------+----------+-------------------------------------------
     0 | D:1      | belse the Minotaur Berserker began the quest for the Orb.
     0 | D:1      | Reached XP level 1. HP: 19/19 MP: 0/0
   237 | D:1      | Reached XP level 2. HP: 27/27 MP: 1/1
   291 | D:1      | Reached skill level 4 in Fighting
   379 | D:1      | Reached ** piety under Trog
   681 | D:1      | Reached XP level 3. HP: 33/33 MP: 2/2
  1394 | D:2      | Reached XP level 4. HP: 40/41 MP: 3/3
  1415 | D:2      | Reached skill level 5 in Maces & Flails
  1517 | D:2      | Found a faded altar of an unknown god.
  1542 | D:2      | Reached skill level 5 in Fighting
  1542 | D:2      | Reached XP level 5. HP: 45/48 MP: 4/4
  2140 | D:4      | Reached XP level 6. HP: 47/56 MP: 5/5
  2622 | D:4      | Identified the +0 leather armour of the Ladybird {rN+++
                  | Dex-5 Slay-6 SInv}
  2645 | D:4      | Noticed Ijyb
  2659 | D:4      | Killed Ijyb
  2659 | D:4      | Reached *** piety under Trog
  2778 | D:5      | Entered Level 5 of the Dungeon
  2965 | D:5      | Reached skill level 1 in Axes
  3148 | D:5      | Reached XP level 7. HP: 62/62 MP: 6/6
  3193 | D:5      | Reached skill level 6 in Fighting
  3597 | D:6      | Noticed a steam dragon
  3602 | D:6      | Reached skill level 5 in Armour
  3608 | D:6      | Killed a steam dragon
  3680 | D:6      | Found a burning altar of Makhleb.
  3691 | D:6      | Reached skill level 5 in Axes
  3691 | D:6      | Reached XP level 8. HP: 12/71 MP: 7/7
  3714 | D:6      | Reached skill level 7 in Fighting
  3716 | D:6      | Mangled by a gnoll sergeant

Illustrated notes

Levels and vault maps discovered:
D:1:      minmay_arrival_jagged, layout_basic
D:2:      cheibrodos_pilgrimage, layout_basic, ebering_ecumenical_altar_box,
          uniq_jessica
D:3:      layout_basic
D:4:      layout_cave_pools, uniq_ijyb
D:5:      layout_gridville
D:6:      layout_gridville, minmay_ruined_shrine

Skill      XL: |  1  2  3  4  5  6  7  8 |
---------------+-------------------------+-----
Maces & Flails | 4 5 6 |  6.9
Fighting       | 4 5 6 7 |  7.0
Armour         | 3 4 5 |  5.6
Axes           | 2 5 |  5.8
Dodging        | |  2.8
Stealth        | |  0.4

Action                     |  1- 3 |  4- 6 |  7- 9 || total
---------------------------+-------+-------+-------++-------
  Melee: Mace              |    63 |    26 |       ||    89
         Headbutt          |     6 |    12 |    13 ||    31
         Eveningstar       |       |    41 |       ||    41
         Punch             |       |     2 |     1 ||     3
         War axe           |       |    38 |    48 ||    86
    Use: Scroll            |     1 |     5 |     1 ||     7
         Potion            |       |     7 |     5 ||    12
 Armour: Plate armour      |    58 |    70 |    17 ||   145
  Dodge: Dodged            |    37 |    56 |    23 ||   116
